 Dungeon Crawl Stone Soup version 0.19.1 (webtiles) character file.

3000 Infernelias the Grappler (level 9, -2/84 HPs)
             Began as a Troll Fighter on Dec 21, 2016.
             Was a Follower of the Shining One.
             Slain by a killer bee (5 damage)
             ... on level 9 of the Dungeon on Dec 22, 2016.
             The game lasted 00:27:57 (4728 turns).

Infernelias the Grappler (Troll Fighter)            Turns: 4728, Time: 00:27:58

Health: -2/84      AC:  6    Str: 29    XL:     9   Next: 54%
Magic:  8/8        EV: 10    Int:  4    God:    the Shining One [*.....]
Gold:   256        SH: 10    Dex:  9    Spells: 0 memorised, 8 levels left

rFire  . . .     SeeInvis +       - Unarmed
rCold  . . .     Gourm    +     a - +1 robe
rNeg   . . .     Faith    .     b - +0 shield
rPois  .         Spirit   .     (helmet restricted)
rElec  .         Reflect  .     (no cloak)
rCorr  .         Harm     .     (gloves unavailable)
MR     .....                    (boots unavailable)
Stlth  +.........               (no amulet)
                                (no ring)
                                c - ring of see invisible

@: lethally poisoned (-2 -> -4), glowing
A: unfitting armour, claws 3, fast metabolism 3, gourmand, mutation resistance
1, regeneration 1, shaggy fur 1, tough skin 2
a: Renounce Religion


You were on level 9 of the Dungeon.
You worshipped the Shining One.
The Shining One was aware of your devotion.
You were very full.

You visited 1 branch of the dungeon, and saw 9 of its levels.

You collected 256 gold pieces.

Inventory:

Hand Weapons
 k - a +0 giant club
 q - a +0 hunting sling
 r - a +0 quarterstaff of draining
Armour
 a - a +1 robe (worn)
 b - a +0 shield (worn)
Jewellery
 c - a ring of see invisible (left claw)
Scrolls
 g - a scroll of teleportation
 i - 2 scrolls of blinking
 l - 2 scrolls of remove curse
 o - a scroll of enchant armour
 p - 3 scrolls of identify
 s - a scroll of amnesia
 t - a scroll of silence {unknown}
Potions
 j - a potion of cancellation {unknown}
 m - a potion of curing {unknown}
Comestibles
 d - 5 bread rations
 f - a slice of pizza
 n - a meat ration


   Skills:
 + Level 3.8 Fighting
 + Level 5.4 Dodging
 + Level 1.3 Stealth
 + Level 5.6 Shields
 + Level 9.5 Unarmed Combat


You had 8 spell levels left.
You didn't know any spells.

Dungeon Overview and Level Annotations

Branches:
Dungeon (9/15)             Temple (0/1) D:7
   Lair: D:8-11         Orc: D:9-12

Altars:
Yredelemnul
The Shining One


Innate Abilities, Weirdness & Mutations

You are too large for most types of armour.
You have claws for hands.
Your metabolism is lightning-fast.
You like to eat raw meat.
Your natural rate of healing is unusually fast.
You are covered in fur. (AC +1)
You have very tough skin. (AC +2)
You are somewhat resistant to further mutation.


Message History

You are more poisoned.
The killer bee poisons you! The killer bee stings you.
* * * LOW HITPOINT WARNING * * *
You are more poisoned.
The killer bee poisons you!
You feel sick.
The killer bee stings you but does no damage.
You block the killer bee's attack. The killer bee stings you.
* * * LOW HITPOINT WARNING * * *
The killer bee closely misses you.
You feel sick.
The killer bee stings you but does no damage.
You block the killer bee's attack.
You feel sick.
The killer bee stings you but does no damage.
The killer bee closely misses you. The killer bee stings you.
* * * LOW HITPOINT WARNING * * *
You feel sick. The killer bee barely misses you.
You block the killer bee's attack. x2; The killer bee stings you.
You die...

############################
#.......(...................
#..#######................<.
######..# #..................
.^......#######..y.Ty............
........)....).÷@yyJ.J..÷........
###..############y..o............
#..# #......J......... #..#
#..)............. #..#
#................ #..#
#................ ...#
#................ ....
..................
...................


You could see a very large slime creature, 2 slime creatures, a troll, 5 killer
bees and an orc.

Vanquished Creatures
  Maurice (D:9)
  Joseph (D:7)
  A spriggan (D:7)
  A wyvern (D:9)
  2 ice beasts (D:8)
  3 orc warriors
  2 ogres
  A phantom (D:7)
  A necrophage (D:7)
  A big kobold (D:7)
  2 bullfrogs
  A scorpion (D:4)
  4 wights (D:8)
  3 crimson imps
  A quasit (D:9)
  4 orc priests
  2 hounds (D:9)
  A jelly (D:7)
  2 bullfrog skeletons
  A centaur skeleton (D:6)
  An iguana (D:9)
  5 worker ants
  3 orc wizards
  A howler monkey skeleton (D:4)
  3 adders
  4 gnolls (D:7)
  2 oozes
  3 dart slugs
  3 leopard geckos
  24 orcs
  4 bats
  5 giant cockroaches
  5 goblins
  2 hobgoblins
  7 jackals
  15 kobolds
  5 quokkas
  A ball python (D:2)
  A frilled lizard (D:4)
  A jackal skeleton (D:4)
  A quokka zombie (D:7)
  6 rats
  4 withered plants (D:4)
141 creatures vanquished.

Notes
Turn   | Place    | Note
-------+----------+-------------------------------------------
     0 | D:1      | Infernelias the Troll Fighter began the quest for the Orb.
     0 | D:1      | Reached XP level 1. HP: 22/22 MP: 0/0
   232 | D:1      | Reached XP level 2. HP: 27/29 MP: 1/1
   774 | D:2      | Reached XP level 3. HP: 33/36 MP: 2/2
   973 | D:3      | Reached skill level 3 in Unarmed Combat
   973 | D:3      | Reached XP level 4. HP: 12/44 MP: 3/3
  1089 | D:3      | Gained mutation: You are somewhat resistant to further mutation. [potion of mutation]
  1386 | D:4      | Reached XP level 5. HP: 50/50 MP: 4/4
  1400 | D:4      | Found a basalt altar of Yredelemnul.
  1515 | D:4      | Reached skill level 4 in Unarmed Combat
  1672 | D:4      | Noticed an ogre
  1681 | D:4      | Killed an ogre
  1681 | D:4      | Reached XP level 6. HP: 47/59 MP: 5/5
  1795 | D:5      | Entered Level 5 of the Dungeon
  1865 | D:6      | Reached skill level 5 in Unarmed Combat
  2099 | D:6      | Noticed an orc warrior
  2111 | D:6      | Killed an orc warrior
  2111 | D:6      | Reached XP level 7. HP: 67/67 MP: 6/6
  2434 | D:7      | Noticed Joseph
  2446 | D:7      | HP: 3/67 [Joseph/uncursed quarterstaff of draining (5)]
  2447 | D:7      | Killed Joseph
  2447 | D:7      | Reached skill level 6 in Unarmed Combat
  3279 | D:7      | Noticed a spriggan baker
  3313 | D:7      | Killed a spriggan baker
  3313 | D:7      | Reached skill level 7 in Unarmed Combat
  3313 | D:7      | Reached XP level 8. HP: 20/75 MP: 7/7
  3576 | D:7      | Reached skill level 1 in Stealth
  3662 | D:7      | Found a staircase to the Ecumenical Temple.
  3682 | D:7      | Reached skill level 8 in Unarmed Combat
  3906 | D:8      | Found a glowing golden altar of the Shining One.
  3913 | D:8      | Became a worshipper of the Shining One
  4050 | D:8      | Reached XP level 9. HP: 61/83 MP: 8/8
  4118 | D:8      | Reached skill level 5 in Shields
  4157 | D:8      | Reached skill level 5 in Dodging
  4466 | D:9      | Noticed a troll
  4466 | D:9      | Reached * piety under the Shining One
  4483 | D:9      | Reached skill level 9 in Unarmed Combat
  4685 | D:9      | Noticed Maurice
  4696 | D:9      | Killed Maurice
  4727 | D:9      | HP: 4/84 [poisoned by a killer bee]
  4728 | D:9      | Slain by a killer bee

Skill      XL: |  1  2  3  4  5  6  7  8  9 |
---------------+----------------------------+-----
Shields        | 3 4 5 |  5.6
Unarmed Combat | 3 4 5 7 8 9 |  9.5
Dodging        | 3 4 5 |  5.4
Fighting       | 3 |  3.8
Stealth        | 1 |  1.3

Action                   |  1- 3 |  4- 6 |  7- 9 || total
-------------------------+-------+-------+-------++-------
Melee: Unarmed           |   115 |   182 |   242 ||   539
  Use: Scroll            |     3 |     2 |     3 ||     8
       Potion            |       |     2 |     3 ||     5
 Stab: Sleeping          |     1 |     1 |       ||     2
  Eat: Chunk             |     5 |     8 |     6 ||    19
       Bread ration      |       |     1 |     4 ||     5
       Beef jerky        |       |     1 |       ||     1
       Meat ration       |       |       |     1 ||     1
Armor: Robe              |    44 |    26 |    36 ||   106
Dodge: Dodged            |    38 |    34 |    65 ||   137
Block: Shield            |    41 |    55 |    96 ||   192
